AoeStats
← 1679297837

Nomad

510042475Analyzed
2v2 RM · 2d ago on Sep 29, 2026· 29m 48s· 4 players
Game mode
Random Map
Map size
176×176
Population
200
Speed
Normal
Resources
Standard
Victory
Conquest
Starting age
Dark Age
Ending age
Imperial Age
RankedLock teamsTeams togetherTeam positionsShared explorationLock speedFull tech treeHidden civsTurbo modeCheats
Victory
Defeat
🇺🇸 Japanese · United States
762
+11
🇲🇽 Sicilians · Mexico
681
+15
🇨🇳 Magyars · China
645
-13
🇨🇳 Persians · China
644
-13
GaryTheSnail
13:48 Feudal Age
12:05 Loom
19:46 Fletching
27:06 Wheelbarrow
30:03 Castle Age
27:50 Horse Collar
27:56 Double-Bit Axe
29:44 Gold Mining
29:46 Stone Mining
Raphael
4:13 Loom
15:38 Feudal Age
16:11 Double-Bit Axe
19:38 Forging
19:29 Stone Mining
20:46 Gold Mining
21:01 Horse Collar
21:46 Scale Mail Armor
21:43 Fletching
28:28 Castle Age
29:58 Iron Casting
29:39 Chain Mail Armor
29:20 Bodkin Arrow
2205989282
5:01 Loom
15:32 Feudal Age
29:36 Castle Age
1679297837
18:49 Feudal Age
20:46 Double-Bit Axe
23:02 Wheelbarrow
22:28 Horse Collar
Connection lost

Rejoining the realm…

Still unreachable

The connection could not be restored.

Session expired

The server has moved on; the page needs a fresh start.